AoeStats
← sepiteqq

Arabia

504091553Analyzed
2v2 RM · 28d ago on Sep 3, 2026· 50m 56s· 4 players
Game mode
Random Map
Map size
Medium (4 player)
Population
200
Speed
Normal
Resources
Standard
Victory
Conquest
Starting age
Dark Age
Ending age
Imperial Age
RankedLock teamsTeams togetherTeam positionsShared explorationLock speedFull tech treeHidden civsTurbo modeCheats
Victory
Defeat
🇸🇪 Japanese · Sweden
699
+12
🇨🇭 Franks · Switzerland
626
+16
🇦🇷 Khmer · Argentina
680
-29
🇦🇷 Teutons · Argentina
555
-18
Vachacorne
2:40 Loom
10:17 Feudal Age
12:13 Double-Bit Axe
13:07 Man-at-Arms
14:50 Scale Mail Armor
15:49 Forging
15:31 Arson
19:49 Scale Barding Armor
21:54 Castle Age
21:27 Scale Barding Armor
25:21 Chain Barding Armor
25:22 Chain Mail Armor
27:44 Iron Casting
28:31 Long Swordsman
38:04 Imperial Age
38:13 Cavalier
38:54 Husbandry
39:21 Conscription
39:06 Chivalry
39:44 Plate Mail Armor
39:52 Plate Barding Armor
40:10 Bow Saw
41:00 Gold Mining
41:01 Stone Mining
40:49 Elite Throwing Axeman
43:27 Murder Holes
45:36 Caravan
45:17 Paladin
45:56 Pikeman
46:41 Squires
48:10 Block Printing
48:24 Illumination
48:52 Theocracy
48:41 Fervor
48:53 Sanctity
nels
5:56 Loom
9:37 Feudal Age
11:20 Horse Collar
12:45 Gold Mining
19:09 Castle Age
24:33 Double-Bit Axe
24:51 Heavy Plow
25:32 Gold Shaft Mining
24:48 Stone Mining
25:12 Forging
27:22 Bow Saw
27:58 Iron Casting
27:26 Scale Mail Armor
46:00 Squires
45:21 Pikeman
catupecubmx
7:21 Loom
11:38 Feudal Age
12:50 Horse Collar
17:51 Man-at-Arms
22:15 Double-Bit Axe
28:58 Castle Age
28:55 Bloodlines
33:09 Gold Mining
39:18 Gold Shaft Mining
38:33 Stone Mining
38:41 Stone Mining
42:17 Stone Shaft Mining
41:48 Light Cavalry
44:18 Wheelbarrow
sepiteqq
10:17 Feudal Age
10:54 Double-Bit Axe
12:52 Loom
13:45 Wheelbarrow
20:37 Castle Age
21:13 Loom
22:41 Bow Saw
22:24 Gold Mining
23:38 Forging
26:34 Iron Casting
46:46 Stone Mining
Connection lost

Rejoining the realm…

Still unreachable

The connection could not be restored.

Session expired

The server has moved on; the page needs a fresh start.